AoeStats
← Dogga

Arabian Desert

509850755Analyzed
1v1 RM · 3d ago on Sep 28, 2026· 36m 29s· 2 players
Game mode
Random Map
Map size
Tiny (2 player)
Population
200
Speed
Normal
Resources
Standard
Victory
Conquest
Starting age
Dark Age
Ending age
Imperial Age
RankedLock teamsTeams togetherTeam positionsShared explorationLock speedFull tech treeHidden civsTurbo modeCheats
Victory
Defeat
🇦🇺 Goths · Australia
937
+15
🇬🇧 Lithuanians · United Kingdom
911
-15
Dicksy
5:48 Loom
9:11 Feudal Age
11:02 Double-Bit Axe
13:39 Horse Collar
18:07 Wheelbarrow
22:21 Castle Age
20:34 Scale Barding Armor
21:38 Bloodlines
22:56 Forging
22:38 Fletching
23:23 Husbandry
26:48 Iron Casting
27:52 Gold Mining
28:48 Hand Cart
28:19 Town Watch
29:08 Fervor
30:08 Heavy Plow
31:55 Redemption
Dogga
0:56 Loom
9:43 Feudal Age
10:36 Man-at-Arms
19:27 Castle Age
17:59 Double-Bit Axe
19:36 Pikeman
23:35 Fervor
25:10 Scale Mail Armor
27:15 Chain Mail Armor
27:12 Forging
26:56 Fletching
27:52 Squires
30:06 Wheelbarrow
Connection lost

Rejoining the realm…

Still unreachable

The connection could not be restored.

Session expired

The server has moved on; the page needs a fresh start.